 Dungeon Crawl Stone Soup version 0.31-a0-1074-g0b22e4e0f1 (webtiles) character file.

Game seed: 14945785652797108363

3317 grandjackal the Fighter (level 10, -2/79 (84) HPs)
             Began as a Djinni Reaver on Dec 1, 2023.
             Was an Initiate of Gozag.
             Slain by a warg (9 damage)
             ... on level 6 of the Dungeon.
             The game lasted 00:13:59 (7447 turns).

grandjackal the Fighter (Djinni Reaver)             Turns: 7447, Time: 00:14:00

HP:   -2/79 (84)    AC:  7    Str: 11    XL:     10   Next: 21%
Gold: 424           EV: 14    Int: 20    God:    Gozag SH:  0 Dex: 11

rFire   + + .        A - +0 long sword
rCold   x . .        (no shield)
rNeg    . . .        w - +0 steam dragon scales
rPois   ∞            (no helmet)
rElec   .            y - +0 cloak
rCorr   .            (no gloves)
SInv    .            (boots unavailable)
Will    ++...        (no amulet)
Stlth   +            f - +4 ring of slaying
HPRegen 0.33/turn    (no ring)
MPRegen 0.00/turn

%: infuse magic (-3 HP)
@: sluggish, attractive, enlightened, flying, hasted, drained, quick
A: sickness immunity, fire resistance 2, cold vulnerability 1, float, innate
caster, HP casting, extra vitality 1, robust 1, shaggy fur 1, no potion heal 1
a: Renounce Religion, Potion Petition, Call Merchant, Bribe Branch


You were on level 6 of the Dungeon.
You worshipped Gozag.
Gozag was aware of your devotion.
You visited 2 branches of the dungeon, and saw 9 of its levels.

You collected 519 gold pieces.
You paid 95 gold pieces to Gozag.

Inventory:

Hand Weapons
 a - a +0 falchion
 b - a +2 dagger of draining
 A - a +0 long sword (weapon)
Armour
 w - +0 steam dragon scales (worn)
 y - a +0 cloak (worn)
Jewellery
 f - a +4 ring of slaying (left hand)
Wands
 m - a wand of iceblast (5)
 o - a wand of paralysis (5)
 t - a wand of digging (10)
 v - a wand of flame (7)
Scrolls
 c - a scroll of noise {unknown}
 d - 6 scrolls of identify {unknown}
 e - 2 scrolls of revelation {unknown}
 g - 6 scrolls of teleportation {unknown}
 h - 2 scrolls of enchant armour {unknown}
 r - a scroll of fog {unknown}
 s - a scroll of enchant weapon {unknown}
 u - a scroll of immolation
 x - a scroll of amnesia {unknown}
Potions
 i - a potion of enlightenment
 j - a potion of mutation
 k - a potion of degeneration {unknown}
 l - 3 potions of curing
 n - 2 potions of haste
 p - a potion of cancellation {unknown}
 q - a potion of magic {unknown}


   Skills:
 + Level 8.5 Fighting
 - Level 4.5 Long Blades
 + Level 6.2 Dodging
 + Level 6.0 Spellcasting
 + Level 6.0 Conjurations
 + Level 6.0 Hexes
 + Level 6.0 Summonings
 + Level 6.0 Necromancy
 + Level 6.0 Translocations
 + Level 6.0 Transmutations
 + Level 6.0 Fire Magic
 + Level 6.0 Ice Magic
 + Level 6.0 Air Magic
 + Level 6.0 Earth Magic
 + Level 6.0 Poison Magic
 - Level 5.0 Evocations


You knew the following spells:

 Your Spells              Type           Power      Damage    Failure   Level
a - Kiss of Death         Conj/Necr      100%       2d13      1%          1
b - Momentum Strike       Conj/Tloc      60%        3d9       1%          2
c - Hailstorm             Conj/Ice       30%        3d8       2%          3
d - Magic Dart            Conj           100%       1d8       1%          1
e - Poisonous Vapours     Pois/Air       60%        N/A       1%          2
f - Swiftness             Air            30%        N/A       2%          3
g - Stone Arrow           Conj/Erth      60%        3d10      2%          3
Your spell library was empty.

Dungeon Overview and Level Annotations

Branches:
Dungeon (8/15)             Temple (1/1) D:6
   Lair: D:8-11

Altars:
Ashenzari
Cheibriados
Dithmenos
Elyvilon
Fedhas
Gozag
Hepliaklqana
Makhleb
Okawaru
Qazlal
Ru
Trog
Uskayaw
Wu Jian
Xom
Yredelemnul
Zin
The Shining One

Annotations:
D:3 1 runed translucent door, THTSBRD's ghost, amateur DsNe
D:5 3 runed translucent doors, RandomusNamus's ghost, novice OpSh


Innate Abilities, Weirdness & Mutations

You are immune to sickness and miasma.
You are immune to poison.
Your flesh is very heat resistant. (rF++)
You are vulnerable to cold. (rC-)
You float through the air rather than walking.
You learn spells naturally, not from books.
Your magical power is your life essence.
You have superior vitality. (+4 MHP)
You are robust. (+10% HP)
You are covered in fur. (AC +1)
Potions are less effective at restoring your health.


Message History

The warg misses you.
Unknown command.
The warg attacks as it pursues you! The warg barely misses you.
Things that are here:
a +0 giant spiked club; a +0 giant club
Things that are here:
a +0 dagger; a +0 robe
There is a stone staircase leading up here.
You start to feel a little slower.
The warg completely misses you.
You fly upwards.
There is a stone staircase leading down here.
There is a stone staircase leading up here.
The warg bites you!
* * * LOW HITPOINT WARNING * * *
You fly upwards.
You feel sluggish.
There is a stone staircase leading down here.
Things that are here:
a +0 robe; a +0 dagger It was a potion of attraction.
You feel attractive to monsters. The warg bites you but does no damage.
The warg misses you.
It was a potion of enlightenment.
You feel more buoyant. The warg bites you.
* * * LOW HITPOINT WARNING * * *
It was a potion of mutation.
You feel extremely strange.
You feel robust. Fur sprouts all over your body.
Your system partially rejects the healing effects of potions.
The warg misses you.
It was a potion of curing.
Your system partially rejects the healing.
You feel better. The warg barely misses you. The warg closely misses you.
It was a potion of haste.
You feel yourself speed up. The warg closely misses you.
The warg attacks as it pursues you! The warg barely misses you.
The warg bites you!
You die...
Your body crumbles into a pile of gold.

..............###...# #.8.8.8...
########.....####...# #.⌠.⌠.⌠.#.
### ##........##...# #.......##
..####.....##......## #...>.###.
#.....)##..........# #.#...# #.
......###.###......#####.##### #.
.#....###.# #............# ##.
).......#.###[>....##..########..
#.....#....##.)h@..###........#.#
##....###....####..#####......#.#
###....##.##..###.............#.#
###.##.##.###[......####.........
.............)......####......###
...............##.....##......#
.....####......####...####.#.##
#..............# ###.###..#.#
#..<.####......# #..##.##.#


You could see a warg.

Vanquished Creatures
  A two-headed ogre (D:8)
  Jeremiah (D:7)
  Grinder (D:3)
  A wyvern (D:8)
  A steam dragon (D:6)
  A water moccasin (D:8)
  Duvessa (D:4)
  A sky beast (D:7)
  An ice beast (D:7)
  2 orc warriors
  2 ogres
  3 phantoms
  A bullfrog (D:6)
  Dowan (D:4)
  4 orc priests
  4 hounds
  2 jellies
  A bullfrog zombie (D:5)
  5 iguanas
  9 orc wizards
  A hound zombie (D:5)
  8 adders
  3 gnolls (D:5)
  2 shadow imps (D:7)
  A white imp (D:6)
  5 worms
  A dart slug (D:4)
  25 orcs
  11 endoplasms
  2 giant cockroaches (D:2)
  4 goblins
  6 hobgoblins
  3 jackals (D:4)
  6 quokkas
  3 ball pythons
  3 bats
  3 frilled lizards
  4 kobolds
  3 rats
137 creatures vanquished.

Notes
Turn   | Place    | Note
-------+----------+-------------------------------------------
     0 | D:1      | grandjackal the Djinni Reaver began the quest for the Orb.
     0 | D:1      | grandjackal set off with the following spells memorised:
                  | Kiss of Death, Momentum Strike, Hailstorm.
     0 | D:1      | Reached XP level 1. HP: 18/18 MP: 0/0
   278 | D:1      | Reached XP level 2. HP: 23/23 MP: 0/0
  1030 | D:2      | Reached XP level 3. HP: 28/28 MP: 0/0
  1030 | D:2      | Learned a level 1 spell: Magic Dart
  1228 | D:2      | Reached XP level 4. HP: 24/34 MP: 0/0
  1778 | D:3      | Reached skill level 3 in Fighting
  1824 | D:3      | Found a runed translucent door.
  1825 | D:3      | Noticed Grinder
  1843 | D:3      | Paralysed by Grinder for 5 turns
  1852 | D:3      | Paralysed by Grinder for 3 turns
  1859 | D:3      | Killed Grinder
  1860 | D:3      | Reached XP level 5. HP: 26/41 MP: 0/0
  1860 | D:3      | Learned a level 2 spell: Poisonous Vapours
  1860 | D:3      | Reached XP level 6. HP: 30/47 MP: 0/0
  1929 | D:3      | Noticed THTSBRD's ghost (amateur DsNe)
  1996 | D:3      | Reached skill level 4 in Fighting
  2092 | D:3      | Found a sacrificial altar of Ru.
  2310 | D:3      | Found a glowing golden altar of the Shining One.
  2365 | D:3      | Identified the amulet of Zefot {Regen+ Dex+2}
  2387 | D:4      | Reached XP level 7. HP: 42/52 MP: 0/0
  2387 | D:4      | Learned a level 3 spell: Swiftness
  2673 | D:4      | Found a snail-covered altar of Cheibriados.
  2813 | D:4      | Noticed Dowan
  2816 | D:4      | Noticed Duvessa
  2871 | D:4      | Killed Duvessa
  2872 | D:4      | Reached skill level 1 in Evocations
  3015 | D:4      | Killed Dowan
  3341 | D:5      | Entered Level 5 of the Dungeon
  3518 | D:5      | Reached skill level 5 in Fighting
  3739 | D:5      | Reached XP level 8. HP: 32/59 MP: 0/0
  4090 | D:5      | Found a runed translucent gate.
  4090 | D:5      | Found a runed translucent gate.
  4090 | D:5      | Found a runed translucent gate.
  4090 | D:5      | Noticed RandomusNamus's ghost (novice OpSh)
  4093 | D:5      | Found a basalt altar of Yredelemnul.
  4315 | D:5      | Found a shadowy altar of Dithmenos.
  4660 | D:6      | Reached skill level 6 in Fighting
  5048 | D:6      | Found a broken altar of Ashenzari.
  5226 | D:6      | Reached XP level 9. HP: 39/67 MP: 0/0
  5226 | D:6      | Learned a level 3 spell: Stone Arrow
  5236 | D:6      | Reached skill level 5 in Spellcasting
  5236 | D:6      | Reached skill level 5 in Conjurations
  5236 | D:6      | Reached skill level 5 in Hexes
  5236 | D:6      | Reached skill level 5 in Summonings
  5236 | D:6      | Reached skill level 5 in Necromancy
  5236 | D:6      | Reached skill level 5 in Translocations
  5236 | D:6      | Reached skill level 5 in Transmutations
  5236 | D:6      | Reached skill level 5 in Fire Magic
  5236 | D:6      | Reached skill level 5 in Ice Magic
  5236 | D:6      | Reached skill level 5 in Air Magic
  5236 | D:6      | Reached skill level 5 in Earth Magic
  5236 | D:6      | Reached skill level 5 in Poison Magic
  5380 | D:6      | Found a staircase to the Ecumenical Temple.
  5396 | Temple   | Entered the Ecumenical Temple
  5430 | Temple   | Became a worshipper of Gozag Ym Sagoz the Greedy
  5716 | D:6      | Reached skill level 5 in Evocations
  5806 | D:7      | Noticed Jeremiah
  5828 | D:7      | Killed Jeremiah
  5829 | D:7      | Reached skill level 7 in Fighting
  6207 | D:7      | Found a stormy altar of Qazlal.
  6229 | D:7      | Found a shimmering altar of Xom.
  6229 | D:7      | Noticed an angel
  6232 | D:7      | Found a glowing silver altar of Zin.
  6718 | D:7      | Found a white marble altar of Elyvilon.
  7040 | D:8      | Noticed a two-headed ogre
  7060 | D:8      | Killed a two-headed ogre
  7061 | D:8      | Reached skill level 8 in Fighting
  7061 | D:8      | Reached skill level 5 in Dodging
  7061 | D:8      | Reached XP level 10. HP: 8/76 MP: 0/0
  7443 | D:6      | Gained mutation: You are robust. (+10% HP) [potion of
                  | mutation]
  7443 | D:6      | Gained mutation: You are covered in fur. (AC +1) [potion of
                  | mutation]
  7443 | D:6      | Gained mutation: Potions are less effective at restoring
                  | your health. [potion of mutation]
  7447 | D:6      | Slain by a warg

Illustrated notes

Levels and vault maps discovered:
D:1:      minmay_arrival_split_and_join, layout_loops_ring, minmay_pentomino_o2
D:2:      layout_basic
D:3:      layout_rooms, mainiacjoe_overflow_alcove_1, nicolae_ru_awakened_eye,
          ebering_ghost_inner_flame, uniq_grinder
D:4:      layout_cave_pools, fiery_altar_vehumet, cheibriados_altar_1,
          nicolae_wormholes, uniq_duvessa
D:5:      layout_cave_pools, nicolae_yredelemnul_ghost_church,
          nicolae_dithmenos_through_a_glass_darkly
D:6:      layout_rooms, nicolae_ashenzari_panopticon,
          minmay_temple_entry_drinking_statues, kennysheep_generic_room_3
D:7:      layout_basic, grunt_temple_overflow_order_and_chaos_1,
          elyvilon_altar_5, nicolae_qazlal_style_of_elements,
          kennysheep_decorative_pillar, item_on_display_a, uniq_jeremiah
D:8:      layout_loops_ring, nemelex_diamond_rough_becter,
          erik_lair_orcish_takeover, minmay_three_doors
Temple:   jpeg_temple_alley_garden

Skill      XL: |  1  2  3  4  5  6  7  8  9 10 |
---------------+-------------------------------+-----
Long Blades    | 3 4 |  4.5
Dodging        | 3 5 6 |  6.2
Spellcasting   | 3 4 5 6 |  6.0
Conjurations   | 3 4 5 6 |  6.0
Hexes          | 3 4 5 6 |  6.0
Summonings     | 3 4 5 6 |  6.0
Necromancy     | 3 4 5 6 |  6.0
Translocations | 3 4 5 6 |  6.0
Transmutations | 3 4 5 6 |  6.0
Fire Magic     | 3 4 5 6 |  6.0
Ice Magic      | 3 4 5 6 |  6.0
Air Magic      | 3 4 5 6 |  6.0
Earth Magic    | 3 4 5 6 |  6.0
Poison Magic   | 3 4 5 6 |  6.0
Fighting       | 3 4 5 6 8 |  8.5
Evocations     | 2 4 5 |  5.0

Action                     |  1- 3 |  4- 6 |  7- 9 | 10-12 || total
---------------------------+-------+-------+-------+-------++-------
  Melee: Falchion          |    59 |    70 |   227 |     5 ||   361
         Punch             |       |     3 |     3 |     1 ||     7
         Long sword        |       |       |       |    10 ||    10
   Cast: Magic Dart        |     6 |     2 |    37 |       ||    45
         Momentum Strike   |       |     2 |     3 |       ||     5
         Poisonous Vapours |       |     3 |    97 |     8 ||   108
         Hailstorm         |       |       |     8 |       ||     8
         Kiss of Death     |       |       |     2 |     1 ||     3
         Stone Arrow       |       |       |     1 |       ||     1
         Swiftness         |       |       |       |     1 ||     1
  Evoke: Wand              |       |       |     5 |       ||     5
    Use: Potion            |       |       |       |     5 ||     5
   Stab: Sleeping          |     1 |     1 |       |       ||     2
 Armour: Leather armour    |    29 |    38 |   110 |       ||   177
         Steam dragon scal |       |       |    47 |    22 ||    69
  Dodge: Dodged            |    34 |    48 |   143 |    23 ||   248

Table legend: (Time is in decaauts)
 A = Elapsed time spent in this place.
 B = Non-inter-level travel time spent in this place.
 C = Inter-level travel time spent in this place.
 D = Time resting spent in this place.
 E = Time spent auto-exploring this place.
 F = Levels seen in this place.
 G = Mean time per level.
                   A        B        C        D        E       F      G
               +--------+--------+--------+--------+--------+-----+--------+
         Total |   7486 |   7256 |    230 |   2297 |   3677 |   9 |  831.8 |
       Dungeon |   7418 |   7188 |    230 |   2297 |   3677 |   8 |  927.2 |
        Temple |     67 |     67 |      0 |      0 |      0 |   1 |   67.0 |
               +--------+--------+--------+--------+--------+-----+--------+

Top non-repeatable levels by time:
     D:6: 1333 daAuts
     D:7: 1270 daAuts
     D:5: 1213 daAuts
     D:2: 950 daAuts
     D:3: 903 daAuts
     D:1: 797 daAuts
     D:4: 712 daAuts
     D:8: 237 daAuts
  Temple: 67 daAuts
